 Dungeon Crawl Stone Soup version 0.27-a0-1065-ge809cff456 (webtiles) character file.

Game seed: 9411744922564910714

3432 snetch the Thaumaturge (level 9, -5/47 HPs)
             Began as a Deep Elf Conjurer on Apr 23, 2021.
             Was an Elder of Makhleb.
             Slain by an unseen horror (9 damage)
             ... on level 9 of the Dungeon.
             The game lasted 00:30:05 (8793 turns).

snetch the Thaumaturge (Deep Elf Conjurer)          Turns: 8793, Time: 00:30:05

Health: -5/47      AC:  9    Str:  4    XL:     9   Next: 77%
Magic:  22/25      EV:  9    Int: 33    God:    Makhleb [****..]
Gold:   555        SH:  4    Dex: 13    Spells: 18/29 levels left

rFire    . . .     SeeInvis .   a - staff of conjuration
rCold    . . .     Faith    .   p - +0 buckler
rNeg     . . .     Spirit   .   y - +1 ring mail {rPois}
rPois    +         Reflect  .   (no helmet)
rElec    .         Harm     .   o - +0 cloak
rCorr    .         Rampage  .   w - +0 pair of gloves
Will     .....                  (no boots)
Stlth    ++........             (no amulet)
HPRegen  0.15/turn              B - +6 ring of intelligence
MPRegen  0.19/turn              L - ring of wizardry

@: no status effects
A: no striking features
a: Renounce Religion, Minor Destruction, Lesser Servant of Makhleb, Major
Destruction


You were on level 9 of the Dungeon.
You worshipped Makhleb.
Makhleb was greatly pleased with you.
You visited 2 branches of the dungeon, and saw 10 of its levels.

You collected 555 gold pieces.

Inventory:

Hand Weapons
 b - a +2 short sword of electrocution
 c - a +4 quarterstaff of chaos
 R - a +1 long sword of holy wrath
 V - the +4 hand crossbow "Beastslayer" {flame, Dex+2}
   (You found it on level 7 of the Dungeon)

   It causes projectiles fired from it to burn those they strike, causing extra
   injury to most foes and up to half again as much damage against particularly
   susceptible opponents.
   It affects your dexterity (+2).
 W - a +0 hunting sling of freezing
 X - a +2 flail of freezing
 Y - a +3 trident
Missiles
 n - 77 bolts
 q - 56 arrows
 t - 22 poisoned darts
 C - 26 sling bullets
 F - 204 stones
 J - 16 boomerangs
Armour
 o - a +0 cloak (worn)
 p - a +0 buckler (worn)
 w - a +0 pair of gloves (worn)
 y - a +1 ring mail of poison resistance (worn)
 N - a +0 ring mail of cold resistance
Magical Staves
 a - a staff of conjuration (weapon)
 K - a staff of death
Jewellery
 i - a +4 ring of slaying
 u - a ring of fire
 v - a ring of see invisible
 B - a +6 ring of intelligence (left hand)
 L - a ring of wizardry (right hand)
Wands
 h - a wand of iceblast (13)
 r - a wand of digging (2)
 A - a wand of acid (7)
 T - a wand of flame (25)
Scrolls
 e - 2 scrolls of amnesia {unknown}
 f - a scroll of torment {unknown}
 g - 2 scrolls of vulnerability {unknown}
 j - 2 scrolls of teleportation {unknown}
 k - a scroll of noise {unknown}
 l - 2 scrolls of magic mapping {unknown}
 m - 5 scrolls of blinking {unknown}
 D - a scroll of enchant armour {unknown}
 E - 11 scrolls of identify {unknown}
 I - 2 scrolls of immolation {unknown}
 M - a scroll of enchant weapon {unknown}
 O - a scroll of holy word {unknown}
 P - a scroll of silence {unknown}
 Q - a scroll of summoning {unknown}
 S - a scroll of fear {unknown}
Potions
 d - a potion of heal wounds {unknown}
 s - 2 potions of curing
 x - a potion of might {unknown}
 z - 3 potions of lignification {unknown}
 G - 2 potions of haste {unknown}
 H - a potion of degeneration {unknown}
 U - a potion of flight {unknown}
 Z - a potion of ambrosia {unknown}


   Skills:
 + Level 1.2 Fighting
 + Level 5.0 Armour
 + Level 5.0 Dodging
 + Level 5.1 Stealth
 + Level 1.2 Shields
 + Level 10.6 Spellcasting
 - Level 8.9 Conjurations
 * Level 4.2 Hexes


You had 18 spell levels left.
You knew the following spells:

 Your Spells              Type           Power      Damage    Failure   Level
a - Magic Dart            Conj           100%       1d8       1%          1
b - Searing Ray           Conj           100%       3d7       1%          2
c - Dazzling Flash        Conj/Hex       100%       N/A       1%          3
d - Fulminant Prism       Conj/Hex       37%        3d18      5%          4
e - Apportation           Tloc           34%        N/A       8%          1

Your spell library contained the following spells:

 Spells                   Type           Power      Damage    Failure   Level
 Corona                   Hex            50%        N/A       1%          1
 Animate Skeleton         Necr           34%        N/A       8%          1
 Beastly Appendage        Tmut           34%        N/A       8%          1
 Summon Small Mammal      Summ           68%        N/A       8%          1
 Wereblood                Tmut           17%        N/A       12%         2
 Iskenderun's Mystic Bla  Conj/Tloc      63%        2d13      12%         4
 Spider Form              Tmut/Pois      8%         N/A       22%         3
 Ice Form                 Ice/Tmut       17%        N/A       56%         4
 Hydra Form               Tmut           8%         N/A       88%         5


Dungeon Overview and Level Annotations

Branches:
Dungeon (9/15)             Temple (1/1) D:7             Orc (0/2) D:9
   Lair: D:8-11

Altars:
Ashenzari
Cheibriados
Elyvilon
Fedhas
Gozag
Kikubaaqudgha
Makhleb
Nemelex Xobeh
Okawaru
Qazlal
Ru
Sif Muna
Trog
Uskayaw
Vehumet
Wu Jian
Xom
Yredelemnul
Zin
The Shining One
Lugonu

Shops:
D:4 [

Annotations:
D:7 cold corridor
D:8 lava hatch


Message History

You are too injured to fight recklessly!
Casting: Magic Dart (safe; 1% risk of failure)
Confirm with . or Enter, or press ? or * to list all spells.
Aiming: Searing Ray (safe; 1% risk of failure)
Press: ? - help, Shift-Dir - straight line, f - centaur
Aim: a centaur, wielding a +0 shortbow, wearing a +0 barding and quivering arrows (92% to hit)
You feel a surge of power!
The searing ray hits the centaur but does no damage. (Press . to maintain the ray.)
The centaur shoots an arrow.
The arrow hits you but does no damage.
The searing ray hits the orc.
The orc is almost dead.
The searing ray hits the centaur!
The centaur is moderately wounded.
The searing ray hits the orc!
You kill the orc!
Makhleb accepts your kill.
The searing ray hits the centaur!
The centaur is severely wounded.
The searing ray hits the orc priest.
The orc priest is moderately wounded.
The orc hits you but does no damage.
The centaur unwields a +0 shortbow.
The centaur barely misses you. The centaur kicks you.
Unknown command.
The searing ray hits the centaur!
You kill the centaur!
Makhleb accepts your kill.
You feel better.
The searing ray misses the orc.
You finish channeling your searing ray.
The orc hits you but does no damage.
Your Hexes skill increases to level 4!
Unknown command.
The orc priest invokes the aid of Beogh against you.
Beogh smites you!
* * * LOW HITPOINT WARNING * * *
The orc closely misses you. Something hits you!
* * * LOW HITPOINT WARNING * * *
Deactivating autopickup; reactivate with Ctrl-A.
Something hits you!
You die...

######### #....<..#
#.......# #....@..#
#.......#
###....oo.#
......o...#######
.................
.......o.........
.................
................
............#####+#


You could see an orc warrior, an orc priest and 2 orcs.

Vanquished Creatures
  A water moccasin (D:6)
  2 orc warriors (D:7)
  2 sky beasts (D:6)
  2 necrophages (D:5)
  An ice beast (D:7)
  A centaur (D:9)
  4 black bears
  A gnoll sergeant (D:7)
  2 bullfrogs
  2 scorpions
  8 wights (D:8)
  8 killer bees
  4 howler monkeys
  An electric eel (D:7)
  A bullfrog skeleton (D:6)
  3 centaur zombies
  A jelly (D:7)
  2 hounds
  4 orc priests
  2 centaur skeletons
  Crazy Yiuf (D:2)
  4 iguanas
  8 orc wizards
  Natasha (thrice) (D:2)
  15 gnolls
  6 adders
  3 white imps
  3 ufetubi
  An adder skeleton (D:4)
  2 worms (D:2)
  13 orcs
  4 ball pythons
  3 bats
  4 endoplasms
  A giant cockroach (D:2)
  4 goblins
  6 hobgoblins
  9 kobolds
  3 quokkas (D:2)
  4 frilled lizards (D:2)
149 creatures vanquished.

Vanquished Creatures (others)
  A demonic plant (Temple)
  A fulminant prism (D:7)
  A plant (D:1)
3 creatures vanquished.

Grand Total: 152 creatures vanquished

Notes
Turn   | Place    | Note
-------+----------+-------------------------------------------
     0 | D:1      | snetch the Deep Elf Conjurer began the quest for the Orb.
     0 | D:1      | Reached XP level 1. HP: 10/10 MP: 6/6
   252 | D:2      | Reached XP level 2. HP: 15/15 MP: 2/8
   549 | D:1      | Found a faded altar of an unknown god.
   560 | D:1      | Became a worshipper of Makhleb the Destroyer
   560 | D:1      | Reached * piety under Makhleb
   597 | D:1      | Reached skill level 5 in Conjurations
   831 | D:2      | Reached XP level 3. HP: 12/19 MP: 0/9
  1420 | D:1      | Learned a level 2 spell: Searing Ray
  1424 | D:1      | Learned a level 3 spell: Dazzling Flash
  1653 | D:2      | Found a runed translucent door.
  1654 | D:2      | Noticed Crazy Yiuf
  1665 | D:2      | Killed Crazy Yiuf
  1816 | D:2      | Noticed Natasha
  1820 | D:2      | Killed Natasha
  1821 | D:2      | Reached XP level 4. HP: 24/24 MP: 6/11
  1902 | D:2      | Noticed Natasha
  1906 | D:2      | Killed Natasha
  1984 | D:2      | Reached skill level 4 in Spellcasting
  1984 | D:2      | Reached XP level 5. HP: 28/28 MP: 6/13
  2172 | D:2      | Noticed Natasha
  2176 | D:2      | Killed Natasha
  2315 | D:3      | Reached ** piety under Makhleb
  3325 | D:5      | Entered Level 5 of the Dungeon
  3506 | D:4      | Reached skill level 5 in Spellcasting
  3506 | D:4      | Reached XP level 6. HP: 32/32 MP: 10/15
  3791 | D:4      | Found Tuirph's Antique Armour Emporium.
  4280 | D:5      | Reached skill level 6 in Spellcasting
  4347 | D:4      | You fall into a shaft and drop 3 floors!
  4357 | D:7      | Reached skill level 1 in Armour
  4357 | D:7      | Reached XP level 7. HP: 36/36 MP: 13/18
  4435 | D:6      | Reached skill level 5 in Stealth
  4589 | D:6      | Found a sparkling altar of Nemelex Xobeh.
  4590 | D:6      | Found an ornate altar of the Wu Jian Council.
  4602 | D:6      | Found a blossoming altar of Fedhas.
  4605 | D:6      | Found a hide-covered altar of Uskayaw.
  4605 | D:6      | Found a shimmering blue altar of Sif Muna.
  4606 | D:6      | Found an opulent altar of Gozag.
  4934 | D:6      | Reached XP level 8. HP: 41/41 MP: 11/20
  5250 | D:5      | Reached skill level 7 in Spellcasting
  5293 | D:5      | Reached *** piety under Makhleb
  5535 | D:5      | Found a glowing golden altar of the Shining One.
  5756 | D:5      | Found a broken altar of Ashenzari.
  6132 | D:6      | Found an iron altar of Okawaru.
  6364 | D:6      | Reached skill level 8 in Spellcasting
  6434 | D:6      | Learned a level 4 spell: Fulminant Prism
  6995 | D:7      | Reached skill level 1 in Fighting
  6995 | D:7      | Reached XP level 9. HP: 41/47 MP: 4/23
  7222 | D:7      | Found a staircase to the Ecumenical Temple.
  7233 | Temple   | Entered the Ecumenical Temple
  7436 | D:7      | Reached skill level 1 in Hexes
  7447 | D:7      | Identified the +4 hand crossbow "Beastslayer" {flame,
                  | Dex+2}
  7578 | D:8      | Reached skill level 9 in Spellcasting
  7864 | D:8      | Reached skill level 1 in Shields
  7866 | D:8      | Reached **** piety under Makhleb
  7870 | D:8      | Reached skill level 10 in Spellcasting
  7896 | D:7      | Learned a level 1 spell: Apportation
  8170 | D:8      | Found a basalt altar of Yredelemnul.
  8274 | D:8      | Found a bloodstained altar of Trog.
  8287 | D:8      | Reached skill level 5 in Armour
  8765 | D:9      | Reached skill level 5 in Dodging
  8765 | D:9      | Found a staircase to the Orcish Mines.
  8793 | D:9      | Slain by an unseen horror

Illustrated notes

Levels and vault maps discovered:
D:1:      ncdulo_smallfort, layout_basic,
          shapermc_ecumenical_altar_mp_urbaneastern
D:2:      layout_rooms, serial_rivers, chequers_serial_rivers_micro_d,
          chequers_serial_rivers_room_b, chequers_serial_rivers_small_a,
          chequers_serial_rivers_micro_c, uniq_natasha, uniq_crazy_yiuf_cottage
D:3:      layout_rooms
D:4:      layout_basic, serial_rivers, chequers_serial_rivers_room_b,
          chequers_serial_rivers_room_b, chequers_serial_rivers_marsh,
          chequers_serial_rivers_small_a, chequers_serial_rivers_small_b,
          chequers_serial_rivers_large_b, serial_shops, shop, corner_web_ring
D:5:      layout_loops_ring, nicolae_tso_carved_into_rock,
          nicolae_ashenzari_skybound
D:6:      layout_basic, okawaru_ov_weapons_minmay, grunt_temple_overflow_open
D:7:      lemuel_ice_spiral_2, layout_rooms,
          minmay_temple_entry_statues_pillars, minmay_misc_feat_five,
          minivault_14
D:8:      layout_rooms, general_overflow_altar, trog_ov_bears_minmay
D:9:      layout_irregular_city, riverfiend_overflow_shadow_ancestor,
          erik_orc_4, grunt_tough_drop, uniq_maurice
Temple:   kb_corrupted_temple

Skill      XL: |  1  2  3  4  5  6  7  8  9 |
---------------+----------------------------+-----
Conjurations   | 5 6 7 8 |  8.9
Stealth        | 3 4 5 |  5.1
Spellcasting   | 4 5 6 8 10 | 10.6
Armour         | 1 2 4 5 |  5.0
Dodging        | 3 4 5 |  5.0
Fighting       | 1 |  1.2
Hexes          | 4 |  4.2
Shields        | 1 |  1.2

Action                   |  1- 3 |  4- 6 |  7- 9 || total
-------------------------+-------+-------+-------++-------
Melee: Unarmed           |     1 |       |       ||     1
       Dagger            |     2 |       |       ||     2
       Quarterstaff      |       |     1 |       ||     1
       Staff             |       |       |     9 ||     9
 Cast: Magic Dart        |    46 |    68 |    94 ||   208
       Searing Ray       |     2 |    14 |    64 ||    80
       Dazzling Flash    |       |     1 |     1 ||     2
       Fulminant Prism   |       |       |     1 ||     1
Invok: Lesser Servant of |       |       |     1 ||     1
  Use: Potion            |       |       |     1 ||     1
Armor: Robe              |     1 |       |       ||     1
       Leather armour    |       |     3 |       ||     3
       Ring mail         |       |     1 |    41 ||    42
Dodge: Dodged            |     5 |    15 |    40 ||    60
Block: Buckler           |       |       |    18 ||    18

Table legend: (Time is in decaauts)
 A = Elapsed time spent in this place.
 B = Non-inter-level travel time spent in this place.
 C = Inter-level travel time spent in this place.
 D = Time resting spent in this place.
 E = Time spent auto-exploring this place.
 F = Levels seen in this place.
 G = Mean time per level.
                   A        B        C        D        E       F      G
               +--------+--------+--------+--------+--------+-----+--------+
         Total |   8863 |   8380 |    483 |    670 |   5889 |  10 |  886.3 |
       Dungeon |   8721 |   8258 |    463 |    670 |   5789 |   9 |  969.0 |
        Temple |    142 |    122 |     20 |      0 |    100 |   1 |  142.0 |
               +--------+--------+--------+--------+--------+-----+--------+

Top non-repeatable levels by time:
     D:4: 1502 daAuts
     D:6: 1459 daAuts
     D:1: 1246 daAuts
     D:2: 1067 daAuts
     D:5: 1018 daAuts
     D:7: 1000 daAuts
     D:8: 694 daAuts
     D:3: 676 daAuts
  Temple: 142 daAuts
     D:9: 56 daAuts
